 Dungeon Sprint DCSS version 0.19-a0-1886-gd64a0f0 (webtiles) character file.

0 GrittyGramps the Skirmisher (level 2, 0/28 HPs)
             Began as a Hill Orc Fighter on Oct 15, 2016.
             Was an Initiate of Trog.
             Slain by a gnoll sergeant
             ... wielding a +2 spear of flaming
              (3 damage)
             ... in the Dungeon (Sprint VI: "Thunderdome").
             The game lasted 00:00:41 (81 turns).

GrittyGramps the Skirmisher (Hill Orc Fighter)        Turns: 81, Time: 00:00:42

Health: 0/28       AC:  7    Str: 18    XL:     2   Next: 16%
Magic:  2/2        EV:  7    Int:  8    God:    Trog [......]
Gold:   200        SH:  9    Dex: 10    Spells: 0 memorised, 1 level left

rFire  . . .     SeeInvis .     a - +0 flail
rCold  . . .     Gourm    .     b - +0 scale mail
rNeg   . . .     Faith    .     c - +0 shield
rPois  .         Spirit   .     (no helmet)
rElec  .         Dismiss  .     (no cloak)
rCorr  .         Reflect  .     (no gloves)
MR     .....     Harm     .     (no boots)
Stlth  .......... NoTele   +    (no amulet)
                                (no ring)
                                (no ring)

@: no status effects
A: no striking features
a: Burn Spellbooks, Renounce Religion


You were in the Dungeon.
You worshipped Trog.
Trog was noncommittal.
You were not hungry.

You visited 1 branch You collected 200 gold pieces.

Inventory:

Hand Weapons
 a - a +0 flail (weapon)
Armour
 b - a +0 scale mail (worn)
 c - a +0 shield (worn)
Wands
 l - a wand of acid (5/15)
 m - a wand of iceblast (5/15)
Scrolls
 k - 4 scrolls of blinking
 n - 3 scrolls of fog
Potions
 d - a potion of might
 e - a potion of curing
 g - 4 potions of heal wounds
 h - 4 potions of haste
 i - 2 potions of magic
 j - a potion of berserk rage
 o - a potion of resistance
Comestibles
 f - a bread ration


   Skills:
 + Level 4.6 Fighting
 + Level 2.6 Maces & Flails
 + Level 4.1 Armour
 + Level 4.1 Shields


You had one spell level left.
You didn't know any spells.

Dungeon Overview and Level Annotations

Branches:
Dungeon (1/1)

Altars:
Dithmenos
Gozag
Kikubaaqudgha
Makhleb
Okawaru
Qazlal
Ru
Sif Muna
Trog
Uskayaw
Xom
Yredelemnul
Zin
The Shining One
Beogh
Jiyva
Lugonu

Shops:
D *[%?*?*:[((!!!!


Message History

The gnoll sergeant hits you but does no damage.
You hit the gnoll sergeant.
The gnoll sergeant is heavily wounded.
The gnoll sergeant hits you but does no damage.
Your shield and scale mail prevent you from hitting the gnoll sergeant.
The gnoll sergeant is heavily wounded.
You block the gnoll sergeant's attack.
The gnoll sergeant hits you with a spear of flaming.
The gnoll sergeant burns you.
You closely miss the gnoll sergeant.
The gnoll sergeant is heavily wounded.
The gnoll sergeant hits you with a spear of flaming.
The gnoll sergeant burns you.
Your shield prevents you from hitting the gnoll sergeant.
The gnoll sergeant is heavily wounded.
The gnoll sergeant hits you but does no damage.
The gnoll sergeant hits you with a spear of flaming!
* * * LOW HITPOINT WARNING * * *
The gnoll sergeant burns you.
You die...

##∩.....∩## #∩..g....∩#
#_......._# #_......._#
#_......._#
###.........###
#⌠...........⌠#
######.8.........8.#####
#∩___.g@...###.......__∩
∩........8.# #.8........
...........###..........
........###...###.......
........# #.<.# #.......
........# #...###.......
...........###..........
∩........8. #.8........
......###......_._∩


You could see a gnoll sergeant and a gnoll (wandering).

Vanquished Creatures
  A gnoll (D)
1 creature vanquished.

Notes
Turn   | Place    | Note
-------+----------+-------------------------------------------
     0 | D        | GrittyGramps the Hill Orc Fighter began the quest for the Orb.
     0 | D        | Reached XP level 1. HP: 19/19 MP: 1/1
     1 | D        | Found a basalt altar of Yredelemnul.
     1 | D        | Found an ancient bone altar of Kikubaaqudgha.
     2 | D        | Found an iron altar of Okawaru.
     3 | D        | Found a bloodstained altar of Trog.
     3 | D        | Found an opulent altar of Gozag.
     4 | D        | Found Kulenax's Weapon Rack.
     4 | D        | Found Vowkerchuh's Premium Goods.
     5 | D        | Found Yluatep's Basic Armour.
     5 | D        | Found Ceorr's Miscellaneous Merchandise.
     5 | D        | Round 1.
    12 | D        | Reached XP level 2. HP: 28/28 MP: 2/2
    21 | D        | Became a worshipper of Trog the Wrathful
    32 | D        | Found a roughly hewn altar of Beogh.
    32 | D        | Found Qestuijo's Do-It-Yourself Clinic.
    34 | D        | Found Fiepra's Bottled Wisdom.
    34 | D        | Found Goutut's Distillery.
    38 | D        | Found a burning altar of Makhleb.
    38 | D        | Found a stormy altar of Qazlal.
    38 | D        | Found Xosops's Distillery.
    45 | D        | Found a hide-covered altar of Uskayaw.
    49 | D        | Found a corrupted altar of Lugonu.
    51 | D        | Found a sacrificial altar of Ru.
    52 | D        | Found Worel's Staff Store.
    54 | D        | Found Kuraprig's Must-Have Magic.
    54 | D        | Found Ynaaguck's Magic Scroll Shop.
    55 | D        | Found a glowing golden altar of the Shining One.
    55 | D        | Found a shimmering altar of Xom.
    55 | D        | Found a shadowy altar of Dithmenos.
    55 | D        | Found Fuecuor's Magic Scroll Shop.
    63 | D        | Found a deep blue altar of Sif Muna.
    64 | D        | Found a glowing silver altar of Zin.
    64 | D        | Noticed a gnoll sergeant
    65 | D        | Found a viscous altar of Jiyva.
    66 | D        | Found Piwyl's Bee Food.
    67 | D        | Found Domil's Jewellery.
    67 | D        | Found Cuaxe's Advanced Armour.
    81 | D        | Slain by a gnoll sergeant

Vault maps used:
D:        arena_sprint

Skill      XL: |  1 |
---------------+----+-----
Fighting       | 4 |  4.6
Armour         | 4 |  4.1
Shields        | 4 |  4.1
Maces & Flails | |  2.6

Action                   || total
-------------------------++-------
Melee: Flail             ||    16
Armor: Scale mail        ||     8
Dodge: Dodged            ||     3
Block: Shield            ||     7
